 Dungeon Crawl Stone Soup version 0.27-a0-1196-g3e9cee4cb2 (webtiles) character file.

Game seed: 2042754066844697576

324 Kinoniko the Shield-Bearer (level 6, 11/47 HPs)
             Began as a Formicid Fighter on May 29, 2021.
             Quit the game on level 4 of the Dungeon.
             The game lasted 00:04:43 (2983 turns).

Kinoniko the Shield-Bearer (Formicid Fighter)       Turns: 2983, Time: 00:04:43

Health: 11/47      AC:  9    Str: 22    XL:     6   Next: 77%
Magic:  2/6        EV:  6    Int: 14    God:
Gold:   135        SH: 10    Dex: 10    Spells: 5/5 levels left

rFire    . . .     SeeInvis +   a - +0 war axe
rCold    . . .     Faith    .   c - +0 kite shield
rNeg     + . .     Spirit   +   h - +0 chain mail
rPois    .         Reflect  .   (helmet unavailable)
rElec    .         Harm     .   (no cloak)
rCorr    .         Rampage  .   (no gloves)
Will     .....                  (no boots)
Stlth    ..........             i - amulet of guardian spirit
HPRegen  0.15/turn              g - +6 ring of intelligence
MPRegen  0.10/turn              p - ring of positive energy

@: no status effects
A: permanent stasis, dig shafts and tunnels, antennae 3, four strong arms
a: Dig, Shaft Self


You were on level 4 of the Dungeon.
You visited 1 branch of the dungeon, and saw 4 of its levels.

You collected 135 gold pieces.

Inventory:

Hand Weapons
 a - a +0 war axe (weapon)
Armour
 c - a +0 kite shield (worn)
 h - a +0 chain mail (worn)
Jewellery
 g - a +6 ring of intelligence (left hand)
 i - an amulet of guardian spirit (around neck)
 p - a ring of positive energy (right hand)
Scrolls
 e - a scroll of blinking
Potions
 d - a potion of magic


   Skills:
 - Level 3.2 Fighting
 * Level 5.6 Axes
 - Level 3.2 Armour
 + Level 5.6 Shields


You had 5 spell levels left.
You didn't know any spells.
Your spell library contained the following spells:

 Spells                   Type           Power      Damage    Failure   Level
 Foxfire                  Conj/Fire      0%         2x1d4     99%         1
 Freeze                   Ice            0%         1d3       99%         1
 Conjure Flame            Conj/Fire      0%         6-21      100%        3
 Frozen Ramparts          Ice            0%         1d2       100%        3
 Inner Flame              Hex/Fire       0%         N/A       100%        3
 Ozocubu's Armour         Ice            0%         N/A       100%        3
 Hailstorm                Conj/Ice       0%         3d3       100%        4
 Sticky Flame             Conj/Fire      0%         2d3       100%        4
 Fireball                 Conj/Fire      0%         3d3       100%        5
 Metabolic Englaciation   Hex/Ice        0%         N/A       100%        5


Dungeon Overview and Level Annotations

Branches:
Dungeon (4/15)
 Temple: D:4-7

Altars:
Wu Jian

Shops:
D:1 *

Annotations:
D:4 Dowan, Duvessa


Innate Abilities, Weirdness & Mutations

You cannot be hasted, slowed, berserked, paralysed or teleported.
You can dig through walls and to a lower floor.
You have a pair of large antennae on your head. (SInv)
Your four strong arms can wield two-handed weapons with a shield.


Message History

No target in view!
No target in view!
No target in view!
No target in view!
No target in view!
Duvessa, Sister of Dowan comes into view.
She is wielding a +0 short sword.
Duvessa says, "My weaknesses are his strengths!"
Found a leather armour.
Dowan shouts!
Okay, then.
Okay, then.
You barely miss Duvessa.
Your shield and chain mail prevent you from hitting Duvessa.
Duvessa hits you with a +0 short sword.
You closely miss Duvessa. You completely miss Dowan.
Duvessa hits you with a +0 short sword. Dowan barely misses you.
A quokka comes into view.
Duvessa says, "When magic and the sword combine, nothing stands against them."
Duvessa hits you with a +0 short sword!
You hit Duvessa.
Duvessa is lightly wounded.
You barely miss Dowan.
You feel your willpower return. Dowan casts a spell at you.
The puff of flame hits you! Duvessa barely misses you.
You block Dowan's attack.
You are too injured to fight recklessly!
You hit Duvessa but do no damage.
Duvessa is lightly wounded.
You barely miss Dowan. Duvessa hits you with a +0 short sword.
Dowan gestures wildly while chanting.
Dowan blinks!
You hit Duvessa.
Duvessa is lightly wounded.
Duvessa closely misses you.
Dowan smirks and points a slender finger.
Duvessa gestures with her weapon.
Duvessa hits you with a +0 short sword.
* * * LOW HITPOINT WARNING * * *
Are you sure you want to abandon this character and quit the game? (Confirm with "yes".)

#....##..# .....
.........# ..≈.≈.
.........##..^#^.
##...##.......≈#
####...##.......≈#
...........[....≈..
................#..
................# .
..[...e@...######
+###..§##..##..##.
#.r.##.......>.
................
............?..(.
...e...........#
...............##
.............?..# {
#.<#


You could see Duvessa, Dowan and a quokka.

Vanquished Creatures
  Purgy (D:3)
  Natasha (thrice) (D:3)
  Terence (D:3)
  Robin (D:3)
  5 adders
  A worm (D:3)
  4 dart slugs
  6 bats
  5 endoplasms
  17 goblins
  8 hobgoblins
  3 jackals (D:3)
  A quokka (D:3)
  4 ball pythons
  2 frilled lizards
  6 kobolds
  A rat (D:1)
69 creatures vanquished.

Notes
Turn   | Place    | Note
-------+----------+-------------------------------------------
     0 | D:1      | Kinoniko the Formicid Fighter began the quest for the Orb.
     0 | D:1      | Reached XP level 1. HP: 18/18 MP: 1/1
   224 | D:1      | Reached XP level 2. HP: 21/24 MP: 2/2
   607 | D:1      | Found Qeceoco's General Store.
   639 | D:1      | Reached XP level 3. HP: 27/29 MP: 3/3
   908 | D:2      | Found an ornate altar of the Wu Jian Council.
  1262 | D:2      | Found a faded altar of an unknown god.
  1651 | D:3      | Reached XP level 4. HP: 31/35 MP: 4/4
  1741 | D:3      | Noticed Robin
  1763 | D:3      | Killed Robin
  2076 | D:3      | Noticed Natasha
  2087 | D:3      | Killed Natasha
  2088 | D:3      | Reached XP level 5. HP: 34/41 MP: 5/5
  2378 | D:3      | Noticed Purgy
  2378 | D:3      | Noticed Natasha
  2391 | D:3      | Killed Natasha
  2404 | D:3      | Killed Purgy
  2405 | D:3      | Reached skill level 5 in Axes
  2405 | D:3      | Reached skill level 5 in Shields
  2405 | D:3      | Reached XP level 6. HP: 35/47 MP: 6/6
  2411 | D:3      | Noticed Terence
  2465 | D:3      | Killed Terence
  2806 | D:3      | Noticed Natasha
  2816 | D:3      | Killed Natasha
  2913 | D:4      | Noticed Dowan
  2973 | D:4      | Noticed Duvessa
  2983 | D:4      | Quit the game

Illustrated notes

Levels and vault maps discovered:
D:1:      lemuel_arrival_behind_the_door_large, layout_loops_ring, serial_shops,
          shop
D:2:      layout_rooms, chequers_ecumenical_altar_island, basic_altar,
          grunt_decor_one_mirror, minmay_misc_feat_x
D:3:      layout_rooms, kennysheep_generic_room_16, uniq_natasha, uniq_purgy,
          uniq_terence, uniq_robin
D:4:      layout_gridville, grunt_qazlal_sundering, due_unseen_surprise,
          uniq_duvessa, uniq_ijyb

Skill      XL: |  1  2  3  4  5 |
---------------+----------------+-----
Shields        | 4 5 |  5.6
Axes           | 3 4 5 |  5.6
Fighting       | |  3.2
Armour         | |  3.2

Action                   |  1- 3 |  4- 6 || total
-------------------------+-------+-------++-------
Melee: War axe           |    96 |   125 ||   221
       Unarmed           |       |    26 ||    26
 Abil: Dig               |       |     1 ||     1
  Use: Potion            |       |     8 ||     8
       Scroll            |       |     5 ||     5
Armor: Scale mail        |    12 |       ||    12
       Chain mail        |    42 |    76 ||   118
Dodge: Dodged            |    26 |    78 ||   104
Block: Kite shield       |    53 |   101 ||   154

Table legend: (Time is in decaauts)
 A = Elapsed time spent in this place.
 B = Non-inter-level travel time spent in this place.
 C = Inter-level travel time spent in this place.
 D = Time resting spent in this place.
 E = Time spent auto-exploring this place.
 F = Levels seen in this place.
 G = Mean time per level.
                   A        B        C        D        E       F      G
               +--------+--------+--------+--------+--------+-----+--------+
         Total |   3082 |   2969 |    113 |    580 |   1754 |   4 |  770.5 |
       Dungeon |   3082 |   2969 |    113 |    580 |   1754 |   4 |  770.5 |
               +--------+--------+--------+--------+--------+-----+--------+

Top non-repeatable levels by time:
     D:3: 1387 daAuts
     D:1: 863 daAuts
     D:2: 765 daAuts
     D:4: 66 daAuts
